 Dungeon Crawl Stone Soup version 0.28.0-53-g5a82cb258f (webtiles) character file.

Game seed: 2106751802837106769

1479 SanguineChosen the Cudgeller (level 8, -1/48 HPs)
             Began as a Gargoyle Fighter on July 21, 2022.
             Slain by Maurice
             ... wielding a +0 halberd
              (2 damage)
             ... on level 8 of the Dungeon on July 22, 2022.
             The game lasted 00:15:59 (6799 turns).

SanguineChosen the Cudgeller (Gargoyle Fighter)     Turns: 6799, Time: 00:16:02

Health: -1/48      AC:  0    Str: 23    XL:     8   Next: 79%
Magic:  8/8        EV: 14    Int:  8    God:
Gold:   276        SH:  0    Dex:  9    Spells: 7/7 levels left

rFire   . . .      SeeInvis .   (weapon currently unavailable)
rCold   . . .      Faith    .   (shield currently unavailable)
rNeg    + . .      Spirit   .   (armour currently unavailable)
rPois   ∞          Reflect  .   (helmet currently unavailable)
rElec   .          Harm     .   (cloak currently unavailable)
rCorr   .          Rampage  .   (gloves currently unavailable)
Will    .....                   (boots currently unavailable)
Stlth   +.........              j - amulet of the acrobat
HPRegen 0.16/turn               (ring currently unavailable)
MPRegen 0.11/turn               (ring currently unavailable)

@: about to teleport, pig-form, very quick
A: fast, no casting, sickness immunity, AC +5, small, negative energy resistance
1, (electricity resistance), torment resistance 1, petrification resistance
a: no special abilities


You were on level 8 of the Dungeon.
You were a filthy swine.
You visited 1 branch of the dungeon, and saw 8 of its levels.

You collected 276 gold pieces.

Inventory:

Hand Weapons
 a - a +2 flail (melded)
Armour
 b - a +0 scale mail (melded)
 c - a +0 buckler (melded)
 h - the +2 ratskin cloak (melded) {*Rats rPois rN+ Str-1 Int-1 Dex+1}
   (You found it on level 3 of the Dungeon)

   When the wearer is hurt, rats may emerge from it to assist them.
   Str:       It affects your strength (-1).
   Int:       It affects your intelligence (-1).
   Dex:       It affects your dexterity (+1).
   rPois:     It protects you from poison.
   rN:        It protects you from negative energy.
 p - a +1 hat of stealth (melded)
 y - a +0 pair of gloves (melded)
Jewellery
 i - a ring of see invisible (melded)
 j - an amulet of the acrobat (around neck)
 A - a ring of flight (melded)
Wands
 n - a wand of flame (22)
Scrolls
 e - a scroll of fog {unknown}
 z - a scroll of fear
Potions
 d - 2 potions of might
 f - a potion of haste {unknown}
 l - a potion of mutation {unknown}
 m - a potion of berserk rage {unknown}
 q - a potion of lignification {unknown}
 r - a potion of resistance {unknown}
 u - a potion of ambrosia {unknown}


   Skills:
 + Level 4.9 Fighting
 + Level 7.3 Maces & Flails
 + Level 1.1 Throwing
 + Level 6.6 Armour
 + Level 2.1 Dodging
 + Level 1.0 Stealth
 + Level 4.8 Shields


You had 7 spell levels left.
You didn't know any spells.
Your spell library contained the following spells:

 Spells                   Type           Power      Damage    Failure   Level
 Summon Lightning Spire   Summ/Air       0%         N/A       99%         4
 Storm Form               Tmut/Air       0%         N/A       100%        7
 Maxwell's Capacitive Co  Air            0%         ∞         100%        8


Dungeon Overview and Level Annotations

Branches:
Dungeon (9/15)             Temple (0/1) D:6
   Lair: D:8-11         Orc: D:9-12

Altars:
Wu Jian

Annotations:
D:8 Maurice


Innate Abilities, Weirdness & Mutations

You are a filthy swine.
You move quickly.
Your equipment is almost entirely melded.
You are incapable of wielding weapons or throwing items.
You cannot cast spells.
You are immune to sickness and miasma.
((Your stone body is resilient. (AC +5)))
You are immune to poison.
You resist negative energy. (rN+)
((You are resistant to electric shocks. (rElec)))
You are resistant to unholy torment.
You are immune to petrification.


Message History

Throw: dart (poison)
Press: ? - help, Q - select action, (/) - cycle Shift-Dir - straight line, f - Maurice
Aim: Maurice, wielding a +0 halberd, wearing a +1 cloak and carrying a wand of polymorph (2) (slightly transparent, 46% to hit)
You throw a poisoned dart. The poisoned dart hits Maurice.
Maurice picks up a poisoned dart.
The kobold shoots a bolt.
The bolt hits you!
You feel better.
Maurice mumbles some strange words.
Maurice puts on a burst of speed!
The kobold shoots a bolt.
The bolt closely misses you.
Maurice zaps a wand.
You turn into a filthy swine.
Your +2 flail melds into your body.
The +2 ratskin cloak {*Rats rPois rN+ Str-1 Int-1 Dex+1} melds into your body.
Your +1 hat of stealth melds into your body.
Your +0 pair of gloves melds into your body.
Your +0 buckler melds into your body.
Your +0 scale mail melds into your body.
Your ring of see invisible melds into your body.
Your ring of flight melds into your body.
You feel less stealthy.
You float gracefully downwards.
The kobold unwields a +0 hand crossbow.
The kobold wields a +0 short sword.
The kobold barely misses you.
There is an open door, spattered with blood here.
Items here: ( )))))) [[[ †.
Deactivating autopickup; reactivate with Ctrl-A.
You closely miss something. Something hits you.
Something steals your amulet of faith!
You barely miss something.
The kobold hits you with a +0 short sword.
Something hits you!
* * * LOW HITPOINT WARNING * * *
Something steals your +1 dagger of flaming!
You miss something. The kobold misses you. Something completely misses you.
You closely miss something. The kobold closely misses you.
You closely miss something.
You hear some strange, mumbled words.
The kobold hits you with a +0 short sword.
* * * LOW HITPOINT WARNING * * *
As you read the scroll of teleportation, it crumbles to dust.
You feel strangely unstable. Something hits you.
You die...

*,,,,,,*#...# ******** #.#.
#......*#...#*#######***
#.#.
#..)...*#...#*.......,,*
#.#.
*......##...#*.......,,*
#.#.
*,......#...#*.......,,*
#...
***#....#...#*.......,,*
**.. #....#...#*.......,,*
*,, #....#...##.......,,*
*,, #....'....h§..!.(.,,*
***,,
#....######K......,,***,,,>
#..?.# *##.....,,,,,,,*,
#....# *,....,,,,,,,*,
#....# *,,...,,,,,,,*,
#...)# *,,,..,,,,,,,*,
#....# *,,,,.,,,,,,,*,
#....# *,,,,,,,,,,,,*,
***###+## *,*'**********,


You could see a kobold.

Vanquished Creatures
  Erica (D:8)
  A centaur (D:8)
  2 ogres
  A phantom (D:5)
  A kobold brigand (D:8)
  A bullfrog (D:5)
  A bullfrog skeleton (D:5)
  2 orc priests
  An iguana (D:6)
  2 hound skeletons
  6 adders
  A howler monkey skeleton (D:5)
  3 dart slugs
  13 orcs
  7 bats
  4 endoplasms
  5 giant cockroaches
  6 goblins
  6 hobgoblins
  10 jackals
  5 quokkas
  3 ball pythons
  6 frilled lizards
  11 kobolds
  7 rats
106 creatures vanquished.

Vanquished Creatures (collateral kills)
  2 orc warriors (D:8)
  A bullfrog (D:8)
  An orc (D:8)
4 creatures vanquished.

Vanquished Creatures (others)
  An orc wizard (D:5)
1 creature vanquished.

Grand Total: 111 creatures vanquished

Notes
Turn   | Place    | Note
-------+----------+-------------------------------------------
     0 | D:1      | SanguineChosen the Gargoyle Fighter began the quest for the
                  | Orb.
     0 | D:1      | Reached XP level 1. HP: 14/14 MP: 1/1
    46 | D:1      | Reached XP level 2. HP: 13/19 MP: 2/2
   751 | D:1      | Found a faded altar of an unknown god.
  1463 | D:2      | Reached XP level 3. HP: 10/23 MP: 3/3
  2360 | D:2      | Reached XP level 4. HP: 29/29 MP: 4/4
  2386 | D:2      | Found an ornate altar of the Wu Jian Council.
  2799 | D:3      | Reached skill level 3 in Maces & Flails
  2850 | D:3      | Found the +2 ratskin cloak {*Rats rPois rN+ Str-1 Int-1
                  | Dex+1}
  4321 | D:4      | Reached XP level 5. HP: 33/33 MP: 5/5
  4859 | D:5      | Entered Level 5 of the Dungeon
  4870 | D:5      | Reached skill level 4 in Maces & Flails
  4883 | D:5      | Reached XP level 6. HP: 33/38 MP: 6/6
  5319 | D:5      | Reached skill level 5 in Maces & Flails
  5319 | D:5      | Reached skill level 1 in Dodging
  5947 | D:5      | Reached XP level 7. HP: 37/43 MP: 7/7
  6144 | D:6      | Found a staircase to the Ecumenical Temple.
  6324 | D:6      | You fall into a shaft and drop 3 floors!
  6371 | D:8      | Reached skill level 6 in Maces & Flails
  6531 | D:8      | Reached skill level 5 in Armour
  6752 | D:8      | Noticed Erica
  6754 | D:8      | Noticed Maurice
  6758 | D:8      | Reached XP level 8. HP: 20/48 MP: 8/8
  6790 | D:8      | Killed Erica
  6791 | D:8      | Reached skill level 7 in Maces & Flails
  6791 | D:8      | Reached skill level 1 in Throwing
  6791 | D:8      | Reached skill level 1 in Stealth
  6798 | D:8      | HP: 1/48 [kobold/+0 short sword (3)]
  6799 | D:8      | Slain by Maurice

Illustrated notes

Levels and vault maps discovered:
D:1:      dpeg_arrival_rooms_b, layout_basic, shapermc_ecumenical_altar_pompeii,
          roderic_serpentine_path
D:2:      layout_basic, basic_altar
D:3:      layout_basic, minmay_misc_feat_pillars, hangedman_feature_mirror,
          minmay_fractal_squares_gapless_5
D:4:      layout_loops_ring, nrook_uturn
D:5:      layout_loops_ring, grunt_decor_fettered
D:6:      layout_rooms, minmay_temple_entry_poolview, minmay_ruined_shrine,
          uniq_crazy_yiuf_cottage
D:8:      layout_basic, glass_columns_c, uniq_maurice, uniq_erica
D:9:      layout_rooms, tso_altar

Skill      XL: |  1  2  3  4  5  6  7  8 |
---------------+-------------------------+-----
Armour         | 4 5 6 |  6.6
Maces & Flails | 3 4 5 6 7 |  7.3
Shields        | 4 |  4.8
Fighting       | 4 |  4.9
Dodging        | 1 2 |  2.1
Throwing       | 1 |  1.1
Stealth        | 1 |  1.0

Action                   |  1- 3 |  4- 6 |  7- 9 || total
-------------------------+-------+-------+-------++-------
Melee: Flail             |   135 |   201 |    71 ||   407
       Unarmed           |       |       |     5 ||     5
Throw: Dart              |       |     4 |     5 ||     9
  Use: Scroll            |       |     5 |     7 ||    12
       Potion            |       |       |     3 ||     3
Armor: Scale mail        |    70 |   126 |    49 ||   245
Dodge: Dodged            |    76 |   126 |    54 ||   256
Block: Buckler           |    35 |    52 |    20 ||   107
